 Dungeon Crawl Stone Soup version 0.30-a0-358-g0d69a1922f (webtiles) character file.

Game seed: 14039163548873349111

25 mopl the Sneak (level 2, 0/24 HPs)
             Began as a Demonspawn Delver on Nov 10, 2022.
             Slain by an orc
             ... wielding a +0 short sword
              (4 damage)
             ... on level 3 of the Dungeon.
             The game lasted 00:01:22 (294 turns).

mopl the Sneak (Demonspawn Delver)                   Turns: 294, Time: 00:01:23

Health: 0/24       AC:  3    Str: 12    XL:     2   Next: 86%
Magic:  2/2        EV: 12    Int: 11    God:
Gold:   84         SH:  0    Dex: 20    Spells: 1/1 levels left

rFire   . . .      SeeInvis .    a - +0 hand axe
rCold   . . .      Faith    .    (no shield)
rNeg    . . .      Spirit   .    b - +0 leather armour
rPois   .          Reflect  .    (no helmet)
rElec   .          Harm     .    (no cloak)
rCorr   .          Rampage  .    (no gloves)
Will    .....                    (no boots)
Stlth   +++.......               (no amulet)
HPRegen 1.24/turn                j - +6 ring of dexterity
MPRegen 0.08/turn                (no ring)

@: no status effects
A: powered by death 1
a: no special abilities


You were on level 3 of the Dungeon.
You visited 1 branch of the dungeon, and saw 3 of its levels.

You collected 84 gold pieces.

Inventory:

Hand Weapons
 a - a +0 hand axe (weapon)
Missiles
 l - 6 poisoned darts (quivered)
Armour
 b - a +0 leather armour (worn)
Jewellery
 i - an amulet of magic regeneration
 j - a +6 ring of dexterity (left hand)
Wands
 g - a wand of digging (3)
Scrolls
 c - a scroll of fog
 d - a scroll of magic mapping
 e - a scroll of fear
Potions
 f - 2 potions of haste
 h - a potion of curing {unknown}
 k - a potion of attraction {unknown}
 m - a potion of heal wounds {unknown}
 n - 2 potions of magic {unknown}


   Skills:
 + Level 3.4 Fighting
 * Level 2.7 Axes
 - Level 1.7 Dodging
 - Level 4.5 Stealth


You had one spell level left.
You didn't know any spells.
Your spell library contained the following spells:

 Spells                   Type           Power      Damage    Failure   Level
 Cigotuvi's Dreadful Rot  Necr/Pois/Air  0%         N/A       56%         2
 Dispel Undead            Necr           0%         3d6       99%         4
 Death Channel            Necr           0%         N/A       100%        6


Dungeon Overview and Level Annotations

Branches:
Dungeon (5/15)
 Temple: D:4-7

Altars:

Annotations:
D:3 Terence


Innate Abilities, Weirdness & Mutations

You regenerate a little health from kills.


Message History

The jackal is moderately wounded.
The jackal barely misses you. The jackal closely misses you.
You hit the jackal.
The jackal is severely wounded.
The jackal barely misses you.
You hit the jackal.
You kill the jackal!
The jackal bites you but does no damage.
You closely miss the jackal. The jackal completely misses you.
You hit the jackal but do no damage. The jackal bites you.
* * * LOW HITPOINT WARNING * * *
The jackal bites you but does no damage.
You hit the jackal but do no damage. The jackal misses you.
You barely miss the jackal. The jackal bites you.
* * * LOW HITPOINT WARNING * * *
The jackal barely misses you.
You hit the jackal.
You kill the jackal!
The jackal barely misses you.
You slash the jackal!
You kill the jackal!
The orc throws a boomerang.
The boomerang hits you.
* * * LOW HITPOINT WARNING * * *
You closely miss the orc.
The orc is moderately wounded.
The orc closely misses you.
You hit the orc.
The orc is heavily wounded.
The orc hits you with a +0 hand axe.
* * * LOW HITPOINT WARNING * * *
You hit the orc.
You kill the orc!
You hit the orc.
The orc is almost dead.
The orc hits you with a +0 flail.
* * * LOW HITPOINT WARNING * * *
You hit the orc.
You kill the orc!
You barely miss the orc. The orc hits you with a +0 short sword.
You die...

# # # .## ######## ...#.
.......###########......
######....).....@oJ.....
#############..).#. ...#
###


You could see an orc and an endoplasm.

Vanquished Creatures
  4 orcs (D:3)
  A giant cockroach (D:3)
  2 goblins
  7 jackals (D:3)
  2 ball pythons
  2 kobolds
18 creatures vanquished.

Notes
Turn   | Place    | Note
-------+----------+-------------------------------------------
     0 | D:5      | mopl the Demonspawn Delver began the quest for the Orb.
     0 | D:5      | Reached XP level 1. HP: 18/18 MP: 1/1
   112 | D:4      | Reached skill level 2 in Axes
   133 | D:3      | Noticed Terence
   249 | D:3      | Gained mutation: You regenerate a little health from kills.
                  | [demonic ancestry]
   249 | D:3      | Reached XP level 2. HP: 24/24 MP: 2/2
   290 | D:3      | HP: 1/24 [orc/+0 hand axe (4)]
   294 | D:3      | Slain by an orc

Illustrated notes

Levels and vault maps discovered:
D:3:      layout_rooms, serial_shops, shop, uniq_terence
D:4:      layout_rooms, lemuel_coloured_pillars_altar,
          minmay_temple_entry_large_hall, serial_bayou_pond_d, uniq_pikel,
          uniq_duvessa, uniq_ijyb, uniq_robin
D:5:      layout_rooms, grunt_tough_drop

Skill      XL: |  1 |
---------------+----+-----
Axes           | 2 |  2.7
Fighting       | |  3.4
Dodging        | |  1.7
Stealth        | |  4.5

Action                   || total
-------------------------++-------
Melee: Hand axe          ||    66
 Stab: Sleeping          ||     2
Armor: Leather armour    ||    13
Dodge: Dodged            ||    38

Table legend: (Time is in decaauts)
 A = Elapsed time spent in this place.
 B = Non-inter-level travel time spent in this place.
 C = Inter-level travel time spent in this place.
 D = Time resting spent in this place.
 E = Time spent auto-exploring this place.
 F = Levels seen in this place.
 G = Mean time per level.
                   A        B        C        D        E       F      G
               +--------+--------+--------+--------+--------+-----+--------+
         Total |    304 |    304 |      0 |     31 |     64 |   3 |  101.3 |
       Dungeon |    304 |    304 |      0 |     31 |     64 |   3 |  101.3 |
               +--------+--------+--------+--------+--------+-----+--------+

Top non-repeatable levels by time:
     D:3: 170 daAuts
     D:4: 114 daAuts
     D:5: 19 daAuts
